 Dungeon Crawl Stone Soup version 0.17-a0-2098-gf59d6bc (webtiles) character file.

21 st0uf the Magician (level 2, -2/19 HPs)
             Began as a Mummy Wizard on Oct 17, 2015.
             Slain by a hobgoblin
             ... wielding a +0 club
              (5 damage)
             ... on level 1 of the Dungeon.
             The game lasted 00:07:02 (1670 turns).

st0uf the Magician (Mummy Wizard)                   Turns: 1670, Time: 00:07:02

Health: -2/19      AC:  2    Str: 10    XL:     2   Next: 62%
Magic:  0/6        EV: 12    Int: 17    God:
Gold:   65         SH:  0    Dex: 10    Spells: 1 memorised, 7 levels left

rFire  . . .     SeeInvis .     (no weapon)
rCold  . . .     Clarity  .     a - +0 robe
rNeg   + + +     SustAt   .     (no shield)
rPois  ∞         Gourm    .     b - +0 hat
rElec  .         Spirit   +     (no cloak)
rCorr  .         Warding  .     (no gloves)
rMut   .         Stasis   .     (no boots)
MR     .....                    i - amulet of guardian spirit
Stlth  ++........               (no ring)
                                g - ring of fire

@: very slightly contaminated, not resistant to hostile enchantments, unstealthy
A: no food or potions, fire vulnerability, cold resistance 1, negative energy
resistance 3, torment resistance, unbreathing
a: no special abilities


You were on level 1 of the Dungeon.
You were not hungry.

You visited 1 branch of the dungeon, and saw 1 of its levels.

You collected 65 gold pieces.

Inventory:

Armour
 a - a +0 robe (worn)
 b - a +0 hat (worn)
Jewellery
 g - a ring of fire (left hand)
 i - an amulet of guardian spirit (around neck)
Scrolls
 d - a scroll of enchant armour {unknown}
 e - 2 scrolls of identify {unknown}
 f - a scroll of fog {unknown}
 h - a scroll of teleportation {unknown}
Books
 c - a book of Minor Magic

   Spells                             Type                      Level
   a - Magic Dart                     Conjuration                  1
   b - Blink                          Translocation                2
   c - Call Imp                       Summoning                    2
   d - Repel Missiles                 Charms/Air                   2
   e - Slow                           Hexes                        2
   f - Conjure Flame                  Conjuration/Fire             3
   g - Mephitic Cloud                 Conjuration/Poison/Air       3


   Skills:
 - Level 1.5 Dodging
 - Level 1.5 Stealth
 + Level 3.8 Spellcasting
 - Level 0.7 Conjurations
   Level 0.7 Summonings
   Level 0.7 Translocations


You had 7 spell levels left.
You knew the following spells:

 Your Spells              Type           Power        Failure   Level  Hunger
a - Magic Dart            Conj           #...         14%         1    N/A

Dungeon Overview and Level Annotations

Branches:
Dungeon (1/15)

Altars:


Innate Abilities, Weirdness & Mutations

You do not eat or drink.
Your flesh is vulnerable to fire.
You are immune to poison.
Your flesh is cold resistant.
You are immune to negative energy.
You are immune to unholy pain and torment.
You can survive without breathing.


Message History

The hobgoblin hits you with a club.
* * * LOW HITPOINT WARNING * * *
You closely miss the hobgoblin.
The hobgoblin is heavily wounded.
The hobgoblin barely misses you.
You barely miss the hobgoblin.
The hobgoblin is heavily wounded.
The hobgoblin hits you with a club.
* * * LOW HITPOINT WARNING * * *
The hobgoblin barely misses you.
You hit the hobgoblin but do no damage.
The hobgoblin is heavily wounded.
The hobgoblin barely misses you.
You hit the hobgoblin.
The hobgoblin is severely wounded.
The hobgoblin closely misses you.
You closely miss the hobgoblin.
The hobgoblin is heavily wounded.
The hobgoblin hits you with a club.
You die...

.≈...≈..........#.### #.# #
≈.≈.§.≈.≈######.#.# #.# ###
.§.§...≈.# #.#.## #.# ####..
≈.≈§≈.≈.≈# #.#..# #.# #....#
.≈.§.§§..# #.##.# #.# #.####
≈§≈.§.≈.§# #.##.# #.# #.####
...§...§.# #.##.#####.###...##
≈.≈.≈.≈..######.#.#....#.........
######..........@###.............
#.#.#.###.#>g#....#.####.##.
######.#.#.##.###..#####.# #.##.
.......#.#...## ##.......####.##.
########.####.###.##.............
#.# ##...###.########.#..
#.#####.#.##...## #.#..
#......###......######.#.#
#####.#.#...........##.#.#


You could see a hobgoblin.

Vanquished Creatures
  4 goblins (D:1)
  4 hobgoblins (D:1)
  4 kobolds (D:1)
  4 bats (D:1)
  2 giant newts (D:1)
  2 rats (D:1)
20 creatures vanquished.

Notes
Turn   | Place    | Note
--------------------------------------------------------------
     0 | D:1      | st0uf the Mummy Wizard began the quest for the Orb.
     0 | D:1      | Reached XP level 1. HP: 13/13 MP: 4/4
   526 | D:1      | Reached XP level 2. HP: 19/19 MP: 2/6
  1670 | D:1      | Slain by a hobgoblin

Vault maps used:
D:1:      saegor_arrival_simple_d, kennysheep_crisscross

Action                   || total
-------------------------++-------
Melee: Unarmed           ||    69
 Cast: Magic Dart        ||    55
